 Dungeon Crawl Stone Soup version 0.21.1-1-g345015fe64 (webtiles) character file.

1757 DasRunzen the Shooter (level 8, -13/61 HPs)
             Began as a Demonspawn Wanderer on Feb 20, 2018.
             Killed by divine providence
             ... invoked by an orc priest
              (16 damage)
             ... on level 7 of the Dungeon.
             The game lasted 00:11:38 (5037 turns).

DasRunzen the Shooter (Demonspawn Wanderer)         Turns: 5037, Time: 00:11:39

Health: -13/61     AC:  9    Str: 16    XL:     8   Next: 79%
Magic:  14/14      EV: 19    Int: 13    God:
Gold:   304        SH:  5    Dex: 27    Spells: 14/15 levels left

rFire    . . .     SeeInvis .   a - +3 shortbow
rCold    . . .     Gourm    .   (shield currently unavailable)
rNeg     . . .     Faith    .   c - +0 ring mail
rPois    .         Spirit   .   (no helmet)
rElec    .         Reflect  +   (no cloak)
rCorr    .         Harm     .   z - +2 pair of gloves
MR       .....                  (no boots)
Stlth    ++........             r - +5 amulet of reflection
HPRegen  0.20/turn              g - +6 ring of dexterity
MPRegen  0.14/turn              t - +4 ring of dexterity

@: agile, invisible
A: talons 1, powered by pain 2
a: no special abilities


You were on level 7 of the Dungeon.
You were not hungry.

You visited 1 branch of the dungeon, and saw 7 of its levels.
You also visited: Sewer.

You collected 379 gold pieces.
You spent 75 gold pieces at shops.

Inventory:

Hand Weapons
 a - a +3 shortbow (weapon)
 m - a +0 vampiric dagger
 p - a +1 hand axe of electrocution
Missiles
 b - 42 arrows (quivered)
Armour
 c - a +0 ring mail (worn)
 z - a +2 pair of gloves (worn)
Jewellery
 g - a +6 ring of dexterity (left hand)
 l - an uncursed amulet of rage
 n - an uncursed amulet of the gourmand
 r - a +5 amulet of reflection (around neck)
 t - a +4 ring of dexterity (right hand)
Wands
 e - a wand of acid (10)
Scrolls
 u - 4 scrolls of teleportation
 v - 3 scrolls of remove curse
 x - a scroll of fear
Potions
 i - 2 potions of brilliance
 j - a potion of lignification
 k - 2 potions of curing
 o - 3 potions of heal wounds
 q - 5 potions of flight
 A - a potion of agility {unknown}
 B - a potion of degeneration {unknown}
Books
 d - the Catalogue of Benedictions

   Spells                             Type                      Level
   a - Infusion                       Charms                       1
   b - Ozocubu's Armour               Charms/Ice                   3
 s - a book of Maledictions

   Spells                             Type                      Level
   a - Corona                         Hexes                        1
   b - Ensorcelled Hibernation        Hexes/Ice                    2
   c - Confuse                        Hexes                        3
   d - Tukima's Dance                 Hexes                        3
   e - Dazzling Spray                 Conjuration/Hexes            3
 w - a book of Flames

   Spells                             Type                      Level
   a - Flame Tongue                   Conjuration/Fire             1
   b - Throw Flame                    Conjuration/Fire             2
   c - Conjure Flame                  Conjuration/Fire             3
   d - Inner Flame                    Hexes/Fire                   3
   e - Sticky Flame                   Conjuration/Fire             4
   f - Fireball                       Conjuration/Fire             5
Comestibles
 f - 12 rations


   Skills:
 + Level 4.3 Fighting
 + Level 4.4 Bows
 + Level 4.2 Armour
 + Level 4.0 Dodging
   Level 1.0 Shields
 + Level 4.2 Spellcasting
 + Level 4.0 Charms
   Level 1.7 Air Magic
   Level 2.0 Poison Magic
 - Level 1.0 Evocations


You had 14 spell levels left.
You knew the following spells:

 Your Spells              Type           Power        Failure   Level  Hunger
a - Infusion              Chrm           ##..         7%          1    None


Dungeon Overview and Level Annotations

Branches:
Dungeon (7/15)
 Temple: D:4-7

Altars:
Ashenzari
Qazlal
Wu Jian
The Shining One

Shops:
D:6 *


Innate Abilities, Weirdness & Mutations

You have sharp toenails.
You sometimes gain power by taking damage.


Message History

Unknown command.
Firing (i - inventory):
b - 43 arrows (quivered)
Press: ? - help, Shift-Dir - straight line, f/p - killer bee
Aim: a killer bee You shoot an arrow.
The arrow hits the killer bee!
The killer bee is heavily wounded.
The killer bee stings you.
* * * LOW HITPOINT WARNING * * *
The killer bee stings you.
* * * LOW HITPOINT WARNING * * *
A howler monkey comes into view.
You fade into invisibility!
You block the killer bee's attack. The killer bee stings you.
* * * LOW HITPOINT WARNING * * *
The killer bee stings you!
* * * LOW HITPOINT WARNING * * *
The killer bee closely misses you. The killer bee misses you.
The orc priest calls down the wrath of Beogh upon you.
Beogh smites you!
You die...

.........##
..........###
..............
.............#
#............#
#..........#
#........# ###
##......###..$..
#.......@yy.....
#.......yyy.....
##.........y.....
#...........(....
##.......##.......
##......###
..o.... #...)..##
....oh. ##......#
......( #.......#
...


You could see a howler monkey (wandering), 6 killer bees, an orc priest and an
orc.

Vanquished Creatures
  Prince Ribbit (D:5)
  Menkaure (D:5)
  A phantom (D:5)
  A black bear (D:6)
  3 ogres
  A centaur (D:7)
  A bullfrog (D:6)
  A big kobold (Sewer)
  2 crimson imps
  6 hounds
  A jelly (D:5)
  An orc wizard (D:6)
  An orc priest (D:3)
  A centaur skeleton (D:6)
  Jessica (D:3)
  Terence (D:3)
  An iguana (D:5)
  A worker ant (D:4)
  Robin (D:3)
  A howler monkey skeleton (D:6)
  9 adders
  A shadow imp (D:7)
  2 oozes
  3 worms
  4 dart slugs
  7 leopard geckos
  11 orcs
  7 bats
  9 giant cockroaches
  10 goblins
  8 hobgoblins
  8 jackals
  2 quokkas
  9 kobolds
  5 rats
123 creatures vanquished.

Vanquished Creatures (others)
  A centaur (D:6)
1 creature vanquished.

Grand Total: 124 creatures vanquished

Notes
Turn   | Place    | Note
-------+----------+-------------------------------------------
     0 | D:1      | DasRunzen the Demonspawn Wanderer began the quest for the Orb.
     0 | D:1      | DasRunzen set off with: a +2 shortbow, 22 arrows, a +0 ring mail, the Catalogue of Benedictions, a ration
     0 | D:1      | Reached XP level 1. HP: 13/13 MP: 2/2
     1 | D:1      | Identified the Catalogue of Benedictions
     3 | D:1      | Learned a level 1 spell: Infusion
   114 | D:1      | Gained mutation: You sometimes gain a little power by taking damage. [demonic ancestry]
   114 | D:1      | Reached XP level 2. HP: 20/20 MP: 3/3
   486 | D:2      | Reached XP level 3. HP: 25/25 MP: 5/5
   612 | D:2      | Reached skill level 1 in Dodging
   612 | D:2      | Reached skill level 1 in Charms
   715 | D:2      | Reached skill level 1 in Fighting
  1174 | D:3      | Noticed Terence
  1185 | D:3      | Killed Terence
  1185 | D:3      | Gained mutation: You have sharp toenails. [demonic ancestry]
  1185 | D:3      | Reached XP level 4. HP: 7/32 MP: 6/6
  1273 | D:3      | Found a glowing drain.
  1348 | Sewer    | Entered a sewer
  1414 | Sewer    | Noticed a big kobold
  1419 | Sewer    | Killed a big kobold
  1419 | Sewer    | Reached XP level 5. HP: 32/38 MP: 6/8
  1465 | Sewer    | Found a white marble altar of Elyvilon.
  1637 | D:3      | Found a glowing golden altar of the Shining One.
  1711 | D:3      | Noticed Jessica
  1712 | D:3      | Noticed Robin
  1718 | D:3      | Killed Jessica
  1723 | D:3      | Killed Robin
  1768 | D:3      | Reached XP level 6. HP: 20/44 MP: 9/9
  2640 | D:4      | Found a stormy altar of Qazlal.
  2883 | D:5      | Entered Level 5 of the Dungeon
  2893 | D:5      | Reached XP level 7. HP: 49/51 MP: 11/11
  3176 | D:5      | Noticed Menkaure
  3181 | D:5      | Killed Menkaure
  3223 | D:5      | Noticed Prince Ribbit
  3231 | D:5      | Killed Prince Ribbit
  3231 | D:5      | Gained mutation: You sometimes gain power by taking damage. [demonic ancestry]
  3231 | D:5      | Reached XP level 8. HP: 46/58 MP: 11/13
  3553 | D:5      | Found an ornate altar of the Wu Jian Council.
  4035 | D:6      | Found a shattered altar of Ashenzari.
  4695 | D:6      | Found Jusea's General Store.
  4698 | D:6      | Bought a potion of heal wounds for 75 gold pieces
  5037 | D:7      | HP: 3/61 [killer bee (7)]
  5037 | D:7      | Killed from afar by an orc priest

Skill      XL: |  1  2  3  4  5  6  7  8 |
---------------+-------------------------+-----
Bows           | 2 3 4 |  4.4
Dodging        | 1 2 3 4 |  4.0
Charms         | 1 2 3 4 |  4.0
Fighting       | 1 2 3 4 |  4.3
Armour         | 2 3 4 |  4.2
Spellcasting   | 2 3 4 |  4.2
Shields        | |  1.0
Air Magic      | |  1.7
Poison Magic   | |  2.0
Evocations     | |  1.0

Action                   |  1- 3 |  4- 6 |  7- 9 || total
-------------------------+-------+-------+-------++-------
Melee: Hand axe          |       |       |    13 ||    13
       Kick              |       |       |     2 ||     2
 Fire: Shortbow          |   119 |   124 |   179 ||   422
  Use: Scroll            |     5 |     3 |     3 ||    11
       Potion            |       |       |     1 ||     1
  Eat: Chunk             |       |     6 |     7 ||    13
Armor: Ring mail         |    18 |    24 |    25 ||    67
Dodge: Dodged            |    22 |    45 |    57 ||   124
Block: Other             |       |     1 |    15 ||    16
       Reflection        |       |       |     2 ||     2
